 Dungeon Crawl Stone Soup version 0.29-a0-420-g57f2fb0 (webtiles) character file.

Game seed: 17974813907791573109

408 Geeful the Insei (level 6, -7/42 HPs)
             Began as an Octopode Transmuter on May 18, 2022.
             Killed from afar by Dowan (8 damage)
             ... with a stone arrow
             ... on level 4 of the Dungeon.
             The game lasted 00:09:56 (3126 turns).

Geeful the Insei (Octopode Transmuter)              Turns: 3126, Time: 00:09:56

Health: -7/42      AC:  1    Str: 11    XL:     6   Next: 88%
Magic:  6/10       EV: 14    Int: 16    God:
Gold:   160        SH:  0    Dex: 12    Spells: 5/11 levels left

rFire   . . .      SeeInvis .     - Unarmed
rCold   . . .      Faith    .   (no shield)
rNeg    . . .      Spirit   .   (helmet restricted)
rPois   .          Reflect  .   (no amulet)
rElec   .          Harm     .   (no ring)
rCorr   .          Rampage  .   (no ring)
Will    .....                   (no ring)
Stlth   ++........              (no ring)
HPRegen 0.14/turn               (no ring)
MPRegen 0.12/turn               (no ring)
                                (no ring)
                                (no ring)

@: lethally poisoned (-7 -> -32), wereblooded
A: almost no armour, amphibious, 8 rings, camouflage 1, gelatinous body 1,
(nimble swimmer 1), tentacles
a: no special abilities


You were on level 4 of the Dungeon.
You visited 1 branch of the dungeon, and saw 4 of its levels.

You collected 160 gold pieces.

Inventory:

Missiles
 i - 6 poisoned darts
Potions
 a - 2 potions of resistance
 c - a potion of degeneration {unknown}
 d - a potion of invisibility
 f - a potion of ambrosia {unknown}
 g - a potion of magic
 h - a potion of heal wounds {unknown}
 j - a potion of brilliance {unknown}


   Skills:
 + Level 3.0 Fighting
 + Level 3.5 Dodging
 + Level 4.3 Unarmed Combat
 + Level 3.3 Spellcasting
 + Level 3.6 Transmutations


You had 5 spell levels left.
You knew the following spells:

 Your Spells              Type           Power      Damage    Failure   Level
a - Beastly Appendage     Tmut           28%        N/A       4%          1
b - Wereblood             Tmut           14%        N/A       6%          2
c - Spider Form           Tmut/Pois      8%         N/A       26%         3

Your spell library contained the following spells:

 Spells                   Type           Power      Damage    Failure   Level
 Passwall                 Tmut/Erth      6%         N/A       13%         2
 Sandblast                Erth           4%         2d4       19%         1
 Stone Arrow              Conj/Erth      4%         3d7       50%         3
 Ice Form                 Ice/Tmut       8%         N/A       65%         4


Dungeon Overview and Level Annotations

Branches:
Dungeon (4/15)
 Temple: D:4-7

Altars:

Annotations:
D:4 Dowan


Innate Abilities, Weirdness & Mutations

You cannot wear most types of armour.
You are amphibious.
You can wear up to eight rings at the same time.
Your skin changes colour to match your surroundings (Stealth+).
Your rubbery body absorbs attacks. (AC +1, EV +1)
((You are camouflaged when in or above water. (Stealth+)))
You have tentacles for arms and can constrict up to eight enemies at once.


Message History

The worm bites you but does no damage.
Things that are here:
a +0 dagger; a +0 ring mail; an orc corpse The worm barely misses you.
The worm misses you.
There is a stone staircase leading up here.
You hit the worm.
The worm is poisoned.
The worm is moderately wounded.
Dowan hits you with a +0 dagger of venom.
You are poisoned.
The worm misses you.
You closely miss something.
Your transformation has ended.
You feel very sick.
You feel a bit better.
You kill the worm!
Dowan hits you with a +0 dagger of venom.
You are lethally poisoned!
You hear some strange, mumbled words.
A magic dart appears from out of thin air!
The magic dart hits you.
You closely miss Dowan. Your grab misses Dowan.
* * * LOW HITPOINT WARNING * * *
You feel very sick. Dowan barely misses you.
An endoplasm comes into view.
Something hits you.
* * * LOW HITPOINT WARNING * * *
The worm bites you.
* * * LOW HITPOINT WARNING * * *
You barely miss Dowan. You grab Dowan.
You howl as the wereblood boils in your veins!
You constrict Dowan.
* * * LOW HITPOINT WARNING * * *
You feel very sick.
Dowan hits you with a +0 dagger of venom.
* * * LOW HITPOINT WARNING * * *
You are more poisoned.
Dowan gestures at you while chanting. The stone arrow hits you!
You die...

.. ... #.##..# ...
...#..# ...?
..#..# #..#
###.#..# .#...
.J....## ......
#.w...#
......###@{##.####
......<.e)).o.....
........))!.[.####
...######..##.#
#..# .# #).# #
#..# .... ...##


You could see Dowan (fast), a worm (very poisoned), an orc and an endoplasm.

Vanquished Creatures
  Duvessa (D:4)
  A centaur (D:4)
  A howler monkey (D:4)
  An iguana (D:4)
  4 adders
  3 gnolls (D:4)
  A worm (D:4)
  4 dart slugs
  An orc (D:4)
  4 bats
  6 endoplasms
  A giant cockroach (D:3)
  10 goblins
  7 hobgoblins
  4 jackals (D:2)
  5 quokkas
  14 ball pythons
  4 frilled lizards
  9 kobolds
  8 rats
89 creatures vanquished.

Notes
Turn   | Place    | Note
-------+----------+-------------------------------------------
     0 | D:1      | Geeful the Octopode Transmuter began the quest for the Orb.
     0 | D:1      | Reached XP level 1. HP: 13/13 MP: 3/3
    36 | D:1      | Found a faded altar of an unknown god.
    52 | D:1      | Reached XP level 2. HP: 2/18 MP: 1/5
   644 | D:1      | Learned a level 2 spell: Wereblood
   663 | D:1      | Reached XP level 3. HP: 23/23 MP: 4/6
   667 | D:1      | Learned a level 3 spell: Spider Form
  1264 | D:2      | Reached XP level 4. HP: 20/29 MP: 3/7
  2340 | D:3      | Reached XP level 5. HP: 31/34 MP: 4/8
  2570 | D:4      | Noticed a centaur
  2586 | D:4      | Killed a centaur
  2587 | D:4      | Reached skill level 4 in Unarmed Combat
  2587 | D:4      | Reached XP level 6. HP: 9/41 MP: 2/10
  2793 | D:4      | Noticed Duvessa
  2793 | D:4      | Noticed Dowan
  2813 | D:4      | Killed Duvessa
  2815 | D:4      | HP: 2/41 [howler monkey (7)]
  3126 | D:4      | HP: 1/42 [Dowan/+0 dagger of venom (4)]
  3126 | D:4      | Killed from afar by Dowan

Illustrated notes

Levels and vault maps discovered:
D:1:      dpeg_arrival_tiny_h, layout_basic,
          shapermc_ecumenical_altar_starsandcircs
D:2:      layout_basic
D:3:      layout_rooms
D:4:      layout_loops_ring, uniq_duvessa

Skill      XL: |  1  2  3  4  5  6 |
---------------+-------------------+-----
Fighting       | 2 3 |  3.0
Transmutations | 3 |  3.6
Dodging        | 3 |  3.5
Unarmed Combat | 4 |  4.3
Spellcasting   | 3 |  3.3

Action                   |  1- 3 |  4- 6 || total
-------------------------+-------+-------++-------
Melee: Unarmed           |    65 |   100 ||   165
       Constrict         |    18 |    19 ||    37
       Tentacles         |    17 |    15 ||    32
       Kick              |    12 |     3 ||    15
       Punch             |       |     2 ||     2
 Cast: Beastly Appendage |    11 |     6 ||    17
       Wereblood         |     6 |     8 ||    14
       Spider Form       |       |     4 ||     4
  Use: Potion            |     1 |     3 ||     4
       Scroll            |     6 |     3 ||     9
 Stab: Sleeping          |     1 |     3 ||     4
Armor: Skin              |    10 |     8 ||    18
Dodge: Dodged            |    33 |    86 ||   119

Table legend: (Time is in decaauts)
 A = Elapsed time spent in this place.
 B = Non-inter-level travel time spent in this place.
 C = Inter-level travel time spent in this place.
 D = Time resting spent in this place.
 E = Time spent auto-exploring this place.
 F = Levels seen in this place.
 G = Mean time per level.
                   A        B        C        D        E       F      G
               +--------+--------+--------+--------+--------+-----+--------+
         Total |   3115 |   3079 |     36 |    292 |   2316 |   4 |  778.8 |
       Dungeon |   3115 |   3079 |     36 |    292 |   2316 |   4 |  778.8 |
               +--------+--------+--------+--------+--------+-----+--------+

Top non-repeatable levels by time:
     D:1: 1094 daAuts
     D:2: 984 daAuts
     D:3: 770 daAuts
     D:4: 266 daAuts
